 Dungeon Crawl Stone Soup version 0.31-b1-17-gcfd88c8481 (webtiles) character file.

Game seed: 10632962513543456300

48087 kmckee the Executioner (level 14, -6/135 HPs)
             Began as a Hill Orc Fighter on Jan 15, 2024.
             Was the Champion of Okawaru.
             Mangled by a quicksilver ooze (14 damage)
             ... on level 5 of the Lair of Beasts.
             The game lasted 00:21:37 (16127 turns).

kmckee the Executioner (Hill Orc Fighter)          Turns: 16127, Time: 00:21:37

Health: -6/135     AC: 25    Str: 30    XL:     14   Next: 44%
Magic:  0/21       EV: 13    Int:  8    God:    Okawaru [******]
Gold:   874        SH:  0    Dex: 16    Spells: 13/13 levels left

rFire   . . .        a - +4 executioner's axe (vamp)
rCold   . . .        (shield currently unavailable)
rNeg    . . .        m - +0 plate armour
rPois   .            R - +2 helmet of the Forgotten Prophets {Rampage rElec Str+6 Stlth-}
rElec   +            D - +0 cloak
rCorr   .            o - +0 pair of gloves
SInv    .            E - +0 pair of boots
Will    +....        x - amulet of reflection Stlth
                     g - +6 ring of dexterity
HPRegen 0.42/turn    q - +5 ring of evasion
MPRegen 0.17/turn

%: reflection, rampage
@: confused, engulfed (cannot breathe), studying 2 skills
A: no striking features
a: Renounce Religion, Heroism, Finesse, Duel


You were on level 5 of the Lair of Beasts.
You worshipped Okawaru.
Okawaru was exalted by your worship.
You visited 3 branches of the dungeon, and saw 15 of its levels.
You also visited: Bailey.

You collected 922 gold pieces.
You spent 48 gold pieces at shops.

Inventory:

Hand Weapons
 a - a +4 vampiric executioner's axe (weapon)
 b - the +7 war axe "Heheik" {venom, rPois rN++}
   (You found it on level 3 of the Dungeon)

   rPois:     It protects you from poison rN++: It greatly protects you from
   negative energy.
Armour
 m - a +0 plate armour (worn)
 o - a +0 pair of gloves (worn)
 D - a +0 cloak (worn)
 E - a +0 pair of boots (worn)
 R - the +2 helmet of the Forgotten Prophets (worn) {Rampage rElec Str+6 Stlth-}
   (Okawaru gifted it to you on level 5 of the Lair of Beasts)

   Str+6:     It affects your strength (+6).
   rElec:     It insulates you from electricity.
   Rampage:   It bestows one free step when moving towards enemies.
   Stlth-:    It makes you less stealthy.
Jewellery
 g - a +6 ring of dexterity (left hand)
 k - a ring of ice
 q - a +5 ring of evasion (right hand)
 x - an amulet of reflection (around neck)
 y - a ring of resist corrosion
 z - a ring of fire
 A - a ring of poison resistance
Wands
 B - a wand of acid (9)
 L - a wand of mindburst (7)
Scrolls
 c - a scroll of identify
 e - 4 scrolls of brand weapon
 f - a scroll of enchant weapon
 l - 5 scrolls of fog
 r - a scroll of enchant armour
 u - 2 scrolls of teleportation
 K - a scroll of torment {unknown}
 M - 2 scrolls of revelation {unknown}
 Q - 2 scrolls of poison
Potions
 d - 3 potions of might
 h - 4 potions of invisibility
 i - a potion of berserk rage
 j - 3 potions of haste {unknown}
 n - 6 potions of heal wounds
 p - 3 potions of curing
 s - 3 potions of mutation
 t - a potion of ambrosia {unknown}
 v - 3 potions of brilliance {unknown}
 w - 3 potions of resistance {unknown}
 I - a potion of enlightenment {unknown}
 J - a potion of cancellation {unknown}
 O - 2 potions of lignification {unknown}
 P - a potion of magic {unknown}


   Skills:
 + Level 15.2 Fighting
 * Level 22.0 Axes
 + Level 15.0 Armour
 - Level 3.2 Shields
 - Level 10.0 Invocations


You had 13 spell levels left.
You didn't know any spells.
Your spell library contained the following spells:

 Spells                   Type           Power      Damage    Failure   Level
 Blink                    Tloc           0%         N/A       98%         2
 Ensorcelled Hibernation  Hex/Ice        0%         N/A       98%         2
 Lesser Beckoning         Tloc           0%         N/A       98%         2
 Momentum Strike          Conj/Tloc      0%         3d8       98%         2
 Frozen Ramparts          Ice            0%         1d1       100%        3
 Gell's Gravitas          Tloc           0%         N/A       100%        3
 Passwall                 Erth           0%         N/A       100%        3
 Stone Arrow              Conj/Erth      0%         3d7       100%        3
 Swiftness                Air            0%         N/A       100%        3
 Teleport Other           Tloc           0%         N/A       100%        3
 Leda's Liquefaction      Alch/Erth      0%         N/A       100%        4
 Petrify                  Alch/Erth      0%         N/A       100%        4
 Metabolic Englaciation   Hex/Ice        0%         N/A       100%        5
 Dispersal                Tloc           0%         N/A       100%        6
 Lehudib's Crystal Spear  Conj/Erth      0%         10d2      100%        8
 Animate Armour           Summ/Erth      Unusable   N/A       N/A         4

Dungeon Overview and Level Annotations

Branches:
Dungeon (9/15)             Temple (1/1) D:7            Lair (5/5) D:9
 Shoals (0/4) Lair:3       Spider (0/4) Lair:2        Slime (0/5) Lair:5
 Bailey (visited)
    Orc: D:9-12

Altars:
Ashenzari
Cheibriados
Dithmenos
Elyvilon
Fedhas
Gozag
Hepliaklqana
Kikubaaqudgha
Makhleb
Nemelex Xobeh
Okawaru
Qazlal
Ru
Sif Muna
Trog
Uskayaw
Vehumet
Wu Jian
Xom
Yredelemnul
Zin
The Shining One
Jiyva

Shops:
D:3 !

Annotations:
Lair:5 3 runed translucent doors, tab's ghost, journeyman DgSh


Message History

Unknown command.
The quicksilver ooze attacks as it pursues you!
The quicksilver ooze barely misses you.
The quicksilver ooze hits you but does no damage.
The quicksilver ooze hits you. The quicksilver ooze engulfs you!
The quicksilver ooze hits you but does no damage.
The quicksilver ooze hits you!
* * * LOW HITPOINT WARNING * * *
The quicksilver ooze hits you but does no damage.
The quicksilver ooze hits you. The quicksilver ooze misses you.
The quicksilver ooze hits you!
* * * LOW HITPOINT WARNING * * *
The quicksilver ooze hits you but does no damage.
A jelly comes into view.
You see here a silver javelin.
Unknown command.
The ooze engulfing you falls away.
You gasp with relief as air once again reaches your lungs.
The quicksilver ooze hits you.
* * * LOW HITPOINT WARNING * * *
The quicksilver ooze engulfs you!
The quicksilver ooze hits you but does no damage.
The quicksilver ooze attacks as it pursues you!
The quicksilver ooze hits you.
The quicksilver ooze hits you but does no damage.
The quicksilver ooze hits you. x2
* * * LOW HITPOINT WARNING * * *
The quicksilver ooze hits you.
The quicksilver ooze closely misses you.
Unknown command.
You miss the quicksilver ooze.
The quicksilver ooze is moderately wounded.
You slice the quicksilver ooze!! You slice the yak!!
You feel better.
You kill the yak!
Okawaru accepts your kill.
You miss the quicksilver ooze.
* * * LOW HITPOINT WARNING * * *
Your lungs strain for air!
The quicksilver ooze hits you!
You die...

#.##..................
##.......###..###..#...
#........# #### ######.
#.......P# #<
#.......## #.
##.......##### ##.
#......#.....## #..
##............## ##..
#.....@JY†.....# #...
#.P#.#JJ.†.....# ##..
#P#####YY....... ##.
### Y.G......P. ##.
.YYh#........ #..
...YJY#.J..#### #..
#...YJ###..# ##..
.....Y ### #... ......
#...


You could see a great orb of eyes, 3 quicksilver oozes, 3 yaks and a jelly.

Vanquished Creatures
  A dire elephant (Lair:5)
  The ghost of Ixoagrun the Bludgeoner, a journeyman MiFi of Okawaru (Lair:3)
  A great orb of eyes (Lair:5)
  A hydra (Lair:3)
  A catoblepas (Lair:5)
  2 boulder beetles
  A deep troll shaman (Lair:5)
  11 death yaks
  2 skysharks
  Maurice (D:8)
  8 elephants
  A merfolk siren (Lair:3)
  5 black mambas
  9 cane toads
  2 rime drakes
  9 komodo dragons
  A polar bear (Lair:2)
  Prince Ribbit (D:8)
  16 blink frogs
  Grinder (D:3)
  2 culicivoras (Lair:2)
  2 spriggans (Lair:1)
  68 yaks
  3 wyverns
  Grum (D:8)
  2 steam dragons
  4 basilisks
  2 vampire mosquitoes (D:7)
  2 acid dragons (D:9)
  13 water moccasins
  Duvessa (D:5)
  14 orc warriors
  2 ice beasts
  4 sky beasts
  5 black bears
  17 centaurs
  An ogre (D:6)
  26 wolves
  A phantom (D:6)
  13 bullfrogs
  A gnoll sergeant (D:9)
  2 scorpions
  Dowan (D:5)
  6 killer bees
  4 electric eels
  2 howler monkeys (D:9)
  A crimson imp (D:8)
  8 hounds
  5 orc priests
  A jelly (D:6)
  A gnoll bouda (D:5)
  A sleepcap (D:6)
  6 orc wizards
  Natasha (thrice) (D:3)
  3 iguanas
  Terence (D:3)
  6 gnolls
  8 adders
  A shadow imp (D:4)
  2 white imps (D:6)
  2 ufetubi (D:5)
  3 dart slugs
  3 ribbon worms
  39 orcs
  8 endoplasms
  6 hobgoblins
  4 jackals (D:4)
  2 quokkas (D:1)
  10 ball pythons
  3 bats
  3 frilled lizards
  9 goblins
  7 kobolds
  4 rats
424 creatures vanquished.

Vanquished Creatures (others)
  An orc (Bailey)
1 creature vanquished.

Grand Total: 425 creatures vanquished

Notes
Turn   | Place    | Note
-------+----------+-------------------------------------------
     0 | D:1      | kmckee the Hill Orc Fighter began the quest for the Orb.
     0 | D:1      | Reached XP level 1. HP: 19/19 MP: 1/1
    80 | D:1      | Reached skill level 3 in Axes
   132 | D:1      | Reached XP level 2. HP: 24/27 MP: 2/2
   532 | D:1      | Reached skill level 4 in Axes
   563 | D:1      | Reached XP level 3. HP: 33/33 MP: 3/3
  1213 | D:2      | Reached skill level 5 in Axes
  1213 | D:2      | Reached XP level 4. HP: 41/41 MP: 4/4
  1667 | D:3      | Reached XP level 5. HP: 40/47 MP: 5/5
  1710 | D:3      | Identified the +7 war axe "Heheik" {venom, rPois rN++}
  1810 | D:3      | Noticed Terence
  1815 | D:3      | Killed Terence
  1816 | D:3      | Reached skill level 5 in Fighting
  2116 | D:3      | Reached skill level 6 in Axes
  2155 | D:3      | Noticed Natasha
  2159 | D:3      | Killed Natasha
  2211 | D:3      | Noticed Natasha
  2215 | D:3      | Killed Natasha
  2216 | D:3      | Reached XP level 6. HP: 50/56 MP: 6/6
  2358 | D:3      | Noticed Natasha
  2365 | D:3      | Killed Natasha
  2391 | D:3      | Noticed Grinder
  2400 | D:3      | Paralysed by Grinder for 3 turns
  2403 | D:3      | Killed Grinder
  2404 | D:3      | Reached skill level 7 in Axes
  2404 | D:3      | Reached XP level 7. HP: 52/63 MP: 7/7
  2542 | D:3      | Found Qolyos's Distillery.
  2547 | D:3      | Bought a potion of curing for 36 gold pieces
  2547 | D:3      | Bought a potion of degeneration for 12 gold pieces
  2681 | D:4      | Reached skill level 8 in Axes
  2683 | D:4      | Found a basalt altar of Yredelemnul.
  2961 | D:4      | Reached skill level 9 in Axes
  3168 | D:5      | Entered Level 5 of the Dungeon
  3275 | D:5      | Noticed Dowan
  3276 | D:5      | Noticed Duvessa
  3282 | D:5      | Killed Dowan
  3283 | D:5      | Reached XP level 8. HP: 70/73 MP: 8/8
  3286 | D:5      | Killed Duvessa
  3287 | D:5      | Reached skill level 10 in Axes
  4101 | D:6      | Reached skill level 11 in Axes
  4532 | D:6      | Reached skill level 12 in Axes
  4532 | D:6      | Reached XP level 9. HP: 81/82 MP: 9/9
  5083 | D:7      | Reached skill level 13 in Axes
  5326 | D:7      | Found a staircase to the Ecumenical Temple.
  5338 | Temple   | Entered the Ecumenical Temple
  5351 | Temple   | Became a worshipper of Warmaster Okawaru
  5371 | D:7      | Reached skill level 14 in Axes
  5644 | D:8      | Reached skill level 10 in Fighting
  5646 | D:8      | Reached skill level 1 in Invocations
  5694 | D:8      | Noticed Grum
  5698 | D:8      | Noticed Maurice
  5701 | D:8      | Reached XP level 10. HP: 89/93 MP: 11/11
  5702 | D:8      | Killed Grum
  5702 | D:8      | Reached * piety under Okawaru
  5708 | D:8      | Something stole a ring of fire
  5730 | D:8      | Something stole 290 gold
  5735 | D:8      | Killed Maurice
  5934 | D:8      | Noticed Prince Ribbit
  5942 | D:8      | Killed Prince Ribbit
  5942 | D:8      | Reached ** piety under Okawaru
  5976 | D:8      | Found a flagged portal.
  5982 | Bailey   | Entered a bailey
  6374 | Bailey   | Reached skill level 15 in Axes
  6602 | Bailey   | Reached skill level 5 in Armour
  6961 | Bailey   | Reached *** piety under Okawaru
  7263 | Bailey   | Reached skill level 5 in Invocations
  7836 | D:8      | Reached XP level 11. HP: 90/102 MP: 13/15
  8031 | D:8      | Found a shimmering altar of Xom.
  8031 | D:8      | Found a burning altar of Makhleb.
  8140 | D:9      | Reached skill level 16 in Axes
  8366 | D:9      | Reached **** piety under Okawaru
  8581 | D:9      | Found a staircase to the Lair.
  8840 | D:9      | Found a blossoming altar of Fedhas.
  8934 | D:9      | Found a sacrificial altar of Ru.
  8937 | D:9      | Found a glowing golden altar of the Shining One.
  9363 | Lair:1   | Entered Level 1 of the Lair of Beasts
  9380 | Lair:1   | Reached ***** piety under Okawaru
  9428 | Lair:1   | Reached skill level 17 in Axes
  9874 | Lair:1   | Received a gift from Okawaru
  9893 | Lair:1   | Found a radiant altar of Vehumet.
 10219 | Lair:1   | Reached XP level 12. HP: 93/112 MP: 16/18
 10661 | Lair:2   | Found a hole to the Spider Nest.
 10703 | Lair:2   | Reached skill level 18 in Axes
 10933 | Lair:2   | Received a gift from Okawaru
 11031 | Lair:2   | Reached skill level 10 in Armour
 11848 | Lair:3   | Noticed an eight-headed hydra
 11888 | Lair:3   | Killed a 14-headed hydra
 12217 | Lair:3   | Found a staircase to the Shoals.
 12282 | Lair:3   | Received a gift from Okawaru
 12419 | Lair:3   | Reached skill level 19 in Axes
 12423 | Lair:3   | Reached ****** piety under Okawaru
 12427 | Lair:3   | Reached skill level 10 in Invocations
 12427 | Lair:3   | Reached XP level 13. HP: 71/122 MP: 20/20
 12836 | Lair:3   | Found a runed translucent door.
 12836 | Lair:3   | Noticed Ixoagrun's ghost (journeyman MiFi)
 13311 | Lair:3   | Killed Ixoagrun's ghost
 13845 | Lair:4   | Received a gift from Okawaru
 13864 | Lair:4   | Reached skill level 20 in Axes
 14771 | Lair:5   | Entered Level 5 of the Lair of Beasts
 14807 | Lair:5   | Received a gift from Okawaru
 15105 | Lair:5   | Reached skill level 21 in Axes
 15120 | Lair:5   | Received a gift from Okawaru
 15126 | Lair:5   | Reached XP level 14. HP: 31/133 MP: 16/21
 15133 | Lair:5   | Acquired a +1 vampiric executioner's axe
 15133 | Lair:5   | Received a gift from Okawaru
 15134 | Lair:5   | Acquired the +2 helmet of the Forgotten Prophets {Rampage
                  | rElec Str+6 Stlth-}
 15134 | Lair:5   | Received a gift from Okawaru
 15390 | Lair:5   | Noticed a dire elephant
 15401 | Lair:5   | Killed a dire elephant
 15596 | Lair:5   | Reached skill level 15 in Fighting
 15858 | Lair:5   | Found a viscous altar of Jiyva.
 15858 | Lair:5   | Found a staircase to the Slime Pits.
 15999 | Lair:5   | Noticed tab's ghost (journeyman DgSh)
 16007 | Lair:5   | Found a runed translucent gate.
 16007 | Lair:5   | Found a runed translucent gate.
 16007 | Lair:5   | Found a runed translucent gate.
 16096 | Lair:5   | Received a gift from Okawaru
 16104 | Lair:5   | Noticed a quicksilver ooze
 16107 | Lair:5   | Noticed a quicksilver ooze
 16120 | Lair:5   | Noticed a quicksilver ooze
 16123 | Lair:5   | Reached skill level 22 in Axes
 16124 | Lair:5   | Reached skill level 15 in Armour
 16124 | Lair:5   | Noticed a quicksilver ooze
 16127 | Lair:5   | Mangled by a quicksilver ooze

Illustrated notes

Levels and vault maps discovered:
D:1:      psy_arrival_dodecagon, layout_basic
D:2:      layout_loops_ring, minmay_misc_feat_square
D:3:      layout_loops_corners, serial_shops, shop,
          amcnicky_mini_rare_corridor_liquid, uniq_natasha, uniq_terence,
          uniq_grinder
D:4:      layout_cave_pools, amcnicky_altar_gilded
D:5:      layout_basic, uniq_duvessa
D:6:      layout_rooms, chequers_decorated_corner
D:7:      layout_cave_pods, minmay_temple_entry_slanted, abandoned_shop,
          reono_crystal_passage
D:8:      layout_basic, grunt_temple_overflow_champion_of_chaos, enter_bailey_4,
          eino_jars, uniq_grum, uniq_maurice, uniq_prince_ribbit1
D:9:      layout_stronghold, fedhas_altar_fruit_tree, jmf_multi_god_temple2,
          david_lair_shrubbed, serial_glass, glass_columns_c, glass_columns_c,
          kennysheep_generic_room_7
Temple:   regret_index_temple_sphere_string
Lair:1:   wad_woods_stonehenge, layout_regular_city, infiniplex_staircase_pool_2
Lair:2:   layout_gridlike, hellmonk_spider_entry_life_and_decay,
          beast_lair_carwin_10
Lair:3:   layout_roguey, elwin_shoals_entry_rooms, gammafunk_ghost_grave,
          chequers_serial_rivers_small_a, beast_lair_carwin_3,
          grunt_megastairs_3
Lair:4:   layout_layer_cave, lemuel_fruit_tree, infiniplex_staircase_pool,
          lemuel_fruit_fields
Lair:5:   grunt_lair_end_beastmaster, layout_cellular_growth,
          dpeg_slime_entry_enclosed, gammafunk_ghost_split, special_room
          [special_room_jelly], serial_bayou_shore_a

Skill      XL: |  1  2  3  4  5  6  7  8  9 10 11 12 13 14 |
---------------+-------------------------------------------+-----
Axes           | 3 4 5 6 7 9 12 14 15 17 19 21 22 | 22.0
Fighting       | 4 5 6 7 8 10 11 12 13 14 15 | 15.2
Invocations    | 2 5 8 10 | 10.0
Armour         | 6 9 11 13 15 | 15.0
Shields        | |  3.2

Action                     |  1- 3 |  4- 6 |  7- 9 | 10-12 | 13-15 || total
---------------------------+-------+-------+-------+-------+-------++-------
  Melee: War axe           |    85 |    78 |   179 |   479 |   235 ||  1056
         Spear             |       |       |       |    86 |       ||    86
         Executioner's axe |       |       |       |       |   114 ||   114
 Invoke: Finesse           |       |       |       |       |     2 ||     2
         Heroism           |       |       |       |       |     1 ||     1
         Receive Weapon    |       |       |       |       |     1 ||     1
         Receive Armour    |       |       |       |       |     1 ||     1
    Use: Scroll            |     1 |     1 |     5 |     6 |     6 ||    19
         Potion            |       |       |       |     3 |       ||     3
 Armour: Scale mail        |    33 |       |       |       |       ||    33
         Plate armour      |    23 |    49 |    96 |   485 |   373 ||  1026
  Dodge: Dodged            |    27 |    19 |   114 |   308 |   150 ||   618
  Block: Buckler           |    19 |    18 |    65 |   271 |    90 ||   463
         Reflection        |       |       |     5 |     3 |       ||     8
         Other             |       |       |       |       |    18 ||    18
